 Dungeon Crawl Stone Soup version 0.31.0-9-g3a7656b989 (webtiles) character file.

Game seed: 2100745973448938730

232 Gottschkopf the Conjurer (level 5, 0/28 HPs)
             Began as a Deep Elf Conjurer on Feb 4, 2024.
             Killed from afar by a white imp (2 damage)
             ... with a puff of frost
             ... on level 5 of the Dungeon.
             The game lasted 00:09:06 (4209 turns).

Gottschkopf the Conjurer (Deep Elf Conjurer)        Turns: 4209, Time: 00:09:08

Health: 0/28       AC:  6    Str:  4    XL:     5   Next: 73%
Magic:  10/11      EV: 12    Int: 28    God:
Gold:   177        SH:  0    Dex: 13    Spells: 0/10 levels left

rFire   . . .        w - +5 rapier of the Thieving Gods {drain, ^Contam +Blink rN+ SInv}
rCold   . . .        (no shield)
rNeg    + . .        n - +1 animal skin
rPois   .            a - +2 helmet {Int+3}
rElec   .            (no cloak)
rCorr   .            (no gloves)
SInv    +            (no boots)
Will    .....        j - amulet of faith
Stlth   ++           h - ring of flight
HPRegen 0.24/turn    (no ring)
MPRegen 0.12/turn

%: faith
@: flying, invisible
A: no striking features
a: Evoke Blink


You were on level 5 of the Dungeon.
You visited 2 branches of the dungeon, and saw 6 of its levels.

You collected 177 gold pieces.

Inventory:

Hand Weapons
 k - a +1 dagger of freezing
 s - a +2 vampiric dagger
 w - the +5 rapier of the Thieving Gods (weapon) {drain, ^Contam +Blink rN+ SInv}
   (You found it on level 4 of the Dungeon)

   rN+:       It protects you from negative energy.
   SInv:      It lets you see invisible.
   +Blink:    It lets you blink.
   ^Contam:   It causes magical contamination when unequipped.
Missiles
 v - a throwing net
Armour
 a - a +2 helmet of intelligence (worn)
 n - a +1 animal skin (worn)
 x - the +0 helmet "Vumoq" {-Tele +Inv rElec rCorr}
   (You found it on level 4 of the Dungeon)

   rElec:     It insulates you from electricity.
   +Inv:      It lets you turn invisible.
   -Tele:     It prevents most forms of teleportation.
   rCorr:     It protects you from acid and corrosion.
Jewellery
 h - a ring of flight (left hand)
 j - an amulet of faith (around neck)
Wands
 y - a wand of mindburst (14)
Scrolls
 e - a scroll of fear {unknown}
 i - 2 scrolls of identify {unknown}
 l - a scroll of blinking {unknown}
 m - 2 scrolls of fog {unknown}
 r - 2 scrolls of revelation
 t - a scroll of poison {unknown}
 u - a scroll of teleportation {unknown}
 z - a scroll of brand weapon {unknown}
Potions
 b - a potion of magic
 d - a potion of heal wounds {unknown}
 f - a potion of haste {unknown}
 o - a potion of cancellation {unknown}
 p - 5 potions of curing {unknown}
 q - a potion of berserk rage {unknown}
 A - a potion of ambrosia {unknown}


   Skills:
 - Level 2.4 Dodging
 - Level 2.4 Stealth
 - Level 3.0 Spellcasting
 * Level 7.2 Conjurations
 + Level 1.5 Fire Magic
 + Level 1.6 Alchemy


You couldn't memorise any spells.
You knew the following spells:

 Your Spells              Type           Power      Damage    Failure   Level
a - Magic Dart            Conj           100%       1d8       1%          1
b - Searing Ray           Conj           88%        2d7       1%          2
c - Fulminant Prism       Conj/Alch      14%        3d9       13%         4
d - Mephitic Cloud        Conj/Alch/Air  20%        N/A       8%          3

Your spell library contained the following spells:

 Spells                   Type           Power      Damage    Failure   Level
 Dazzling Flash           Conj/Hex       48%        N/A       5%          3
 Hailstorm                Conj/Ice       24%        3d7       5%          3
 Freeze                   Ice            16%        1d4       9%          1
 Mercury Vapours          Alch/Air       16%        N/A       9%          2
 Lesser Beckoning         Tloc           8%         N/A       12%         2
 Volatile Blastmotes      Fire/Tloc      16%        2d11      19%         3
 Iskenderun's Mystic Bla  Conj/Tloc      24%        2d7       19%         4
 Frozen Ramparts          Ice            8%         1d2       24%         3
 Gell's Gravitas          Tloc           4%         N/A       24%         3
 Teleport Other           Tloc           4%         N/A       24%         3
 Tukima's Dance           Hex            4%         N/A       24%         3
 Fireball                 Conj/Fire      14%        3d8       36%         5
 Cause Fear               Hex            2%         N/A       63%         4
 Dimensional Bullseye     Hex/Tloc       2%         N/A       63%         4
 Freezing Cloud           Conj/Ice/Air   8%         6-21      65%         5
 Starburst                Conj/Fire      14%        6d6       91%         6
 Maxwell's Capacitive Co  Air            2%         ∞         100%        8
 Dragon's Call            Summ           2%         N/A       100%        9


Dungeon Overview and Level Annotations

Branches:
Dungeon (5/15)             Temple (1/1) D:4

Altars:
Ashenzari
Dithmenos
Elyvilon
Fedhas
Gozag
Hepliaklqana
Kikubaaqudgha
Makhleb
Nemelex Xobeh
Okawaru
Ru
Sif Muna
Trog
Xom
Yredelemnul
The Shining One


Message History

The jackal bites you but does no damage.
The hound bites the gnoll.
The jackal attacks as it pursues you! The jackal bites you.
The gnoll hits the gnoll bouda with a +0 whip!
The gnoll barely misses itself.
The hound bites you but does no damage. The jackal closely misses you.
The hound attacks as it pursues you! The hound barely misses you.
The jackal closely misses you. The jackal misses you.
The white imp gestures at you. The puff of frost hits you!
The hound bites you but does no damage. The jackal bites you.
* * * LOW HITPOINT WARNING * * *
The white imp spits at you. The jackal attacks as it pursues you!
The jackal bites you.
* * * LOW HITPOINT WARNING * * *
A shadow imp comes into view.
The gnoll bouda gazes fiercely through you!
You feel your attacks grow feeble.
As you read the scroll labelled ZADUC GIMUXZOM, it crumbles to dust.
The creatures around you are filled with an inner flame!
It was a scroll of immolation.
The hound barely misses you.
The white imp shouts, "Scamper hence, thou delicate weevil-witted efter!"
The jackal closely misses you.
The hound bites something but does no damage.
As you read the scroll labelled FANUDUFO UJUL, it crumbles to dust.
You feel aware of your surroundings.
You sensed 2 altars.
It was a scroll of revelation.
A gnoll comes into view. It is wielding a +0 club.
The hound bites you but does no damage.
A gnoll comes into view. It is wielding a +0 flail.
The hound bites you.
* * * LOW HITPOINT WARNING * * *
It was a potion of invisibility.
You fade into invisibility!
Your attacks no longer feel as feeble.
The jackal bites you but does no damage.
The jackal closely misses you.
A gnoll comes into view. It is wielding a +0 spear.
The white imp gestures at you. The puff of frost hits you.
You die...

*##................
#######.....g.g.g.../...
######....gg.###.g......
######...h...#.##.......
####......##............
###.....................
####.#.o......g.........
#######hhh..........#.g,
######h@5..5......,**,,,
#####.......#..,,,,,*,,,
######.........,,,,,,,,,
#######......#.,,,,,,,,,
#######......#.,,,,,,,,,
###########....,,,,,,,<,
###########....,,,,,,,,,
###############,,,,,,,,,
**,,,,,,,,


You could see a gnoll bouda (wandering, unable to see you), 2 hounds, 3 gnolls,
a white imp (inner flame, unable to see you), a shadow imp (inner flame, unable
to see you), an orc (inner flame, unable to see you) and 3 jackals.

Vanquished Creatures
  A hound (D:4)
  A bombardier beetle (D:4)
  Jessica (D:3)
  Robin (D:3)
  4 adders
  2 dart slugs
  2 ribbon worms (D:3)
  6 orcs
  8 endoplasms
  3 giant cockroaches
  15 goblins
  6 hobgoblins
  4 quokkas
  9 ball pythons
  3 bats
  4 frilled lizards
  9 kobolds
  4 rats
83 creatures vanquished.

Notes
Turn   | Place    | Note
-------+----------+-------------------------------------------
     0 | D:1      | Gottschkopf the Deep Elf Conjurer began the quest for the
                  | Orb.
     0 | D:1      | Reached XP level 1. HP: 10/10 MP: 6/6
   243 | D:1      | Reached XP level 2. HP: 15/15 MP: 4/8
   295 | D:1      | Reached skill level 5 in Conjurations
   851 | D:1      | Found a faded altar of an unknown god.
  1125 | D:2      | Reached XP level 3. HP: 19/19 MP: 7/9
  1128 | D:2      | Learned a level 2 spell: Searing Ray
  1375 | D:2      | Found a shadowy altar of Dithmenos.
  1720 | D:3      | Noticed Robin
  1776 | D:3      | Noticed Jessica
  1812 | D:3      | Killed Robin
  1813 | D:3      | Reached skill level 6 in Conjurations
  1944 | D:3      | Killed Jessica
  1945 | D:3      | Reached XP level 4. HP: 24/24 MP: 4/10
  2238 | D:3      | Learned a level 4 spell: Fulminant Prism
  2412 | D:3      | Found a faded altar of an unknown god.
  2412 | D:3      | Found a white marble altar of Elyvilon.
  2454 | D:3      | Found a sparkling altar of Nemelex Xobeh.
  2456 | D:3      | Found a sacrificial altar of Ru.
  2458 | D:3      | Found a bloodstained altar of Trog.
  2606 | D:3      | Reached XP level 5. HP: 28/28 MP: 1/11
  2726 | D:3      | Found a basalt altar of Yredelemnul.
  2891 | D:3      | Learned a level 3 spell: Mephitic Cloud
  3201 | D:4      | Reached skill level 1 in Alchemy
  3245 | D:4      | Reached skill level 7 in Conjurations
  3245 | D:4      | Reached skill level 1 in Fire Magic
  3368 | D:4      | Identified the +5 rapier of the Thieving Gods {drain,
                  | ^Contam +Blink rN+ SInv}
  3526 | D:4      | Identified the +0 helmet "Vumoq" {-Tele +Inv rElec rCorr}
  3555 | D:4      | Found a blossoming altar of Fedhas.
  3894 | D:4      | Found a staircase to the Ecumenical Temple.
  3931 | Temple   | Entered the Ecumenical Temple
  4137 | D:5      | Entered Level 5 of the Dungeon
  4208 | D:5      | HP: 1/28 [hound (3)]
  4209 | D:5      | Killed from afar by a white imp

Illustrated notes

Levels and vault maps discovered:
D:1:      giann_horns, layout_basic, shapermc_ecumenical_altar_mp_ritualfount
D:2:      layout_basic, basic_altar
D:3:      layout_loops_ring, chequers_temple_overflow_minitemple,
          lemuel_crystal_altar, uniq_jessica, uniq_robin
D:4:      layout_loops_ring, fedhas_altar_3, temple_statues,
          serial_library_hellmonk_room_a, kennysheep_generic_room_13
D:5:      layout_cave_pools, lemuel_tele_altar,
          pdpol_wu_jian_five_deadly_venoms, serial_demonic, serial_demonic_a,
          serial_demonic_a, serial_demonic_e, serial_demonic_b
Temple:   cyrus_temple_forest

Skill      XL: |  1  2  3  4  5 |
---------------+----------------+-----
Conjurations   | 5 6 7 |  7.2
Alchemy        | 1 |  1.6
Fire Magic     | 1 |  1.5
Dodging        | |  2.4
Stealth        | |  2.4
Spellcasting   | |  3.0

Action                     |  1- 3 |  4- 6 || total
---------------------------+-------+-------++-------
  Melee: Dagger            |     2 |       ||     2
   Cast: Magic Dart        |    73 |    87 ||   160
         Searing Ray       |     2 |     1 ||     3
         Mephitic Cloud    |       |     1 ||     1
    Use: Scroll            |       |     2 ||     2
         Potion            |       |     1 ||     1
 Armour: Robe              |    12 |       ||    12
         Animal skin       |       |    33 ||    33
  Dodge: Dodged            |    13 |    25 ||    38
